 Dungeon Crawl Stone Soup version 0.31-a0-1370-gf52a5a9ab3 (webtiles) character file.

Game seed: 2506054654020890916

51815 Laraso the Shatterer (level 14, -16/143 HPs)
             Began as an Oni Cinder Acolyte on Dec 23, 2023.
             Was a High Priest of Ignis.
             Demolished by a titanic slime creature (68 damage)
             ... on level 13 of the Dungeon.
             The game lasted 00:37:40 (24317 turns).

Laraso the Shatterer (Oni Cinder Acolyte)          Turns: 24317, Time: 00:37:41

Health: -16/143    AC: 15    Str: 18    XL:     14   Next: 61%
Magic:  19/19      EV: 10    Int: 18    God:    Ignis [*****.]
Gold:   485        SH:  0    Dex:  8    Spells: 17/19 levels left

rFire   + . .        a - +3 giant spiked club (protect)
rCold   . . .        (shield currently unavailable)
rNeg    . . .        y - +0 steam dragon scales
rPois   .            h - +2 hat {Will+}
rElec   .            f - +1 cloak
rCorr   .            (gloves unavailable)
SInv    .            (boots unavailable)
Will    +++..        (no amulet)
Stlth   +            e - +4 ring of protection
HPRegen 0.43/turn    u - ring of willpower
MPRegen 0.16/turn

%: no passive effects
@: no status effects
A: large, unfitting armour, horns 1, tough skin 1, double potion healing,
drunken brawling, agile 1, weak 1
a: Renounce Religion, Fiery Armour, Foxfire Swarm, Rising Flame


You were on level 13 of the Dungeon.
You worshipped Ignis.
Ignis was extremely pleased with you.
You visited 2 branches of the dungeon, and saw 18 of its levels.
You visited 1 bazaar.

You collected 1054 gold pieces.
You spent 569 gold pieces at shops.

Inventory:

Hand Weapons
 a - a +3 giant spiked club of protection (weapon)
Armour
 f - a +1 cloak (worn)
 h - a +2 hat of willpower (worn)
 y - +0 steam dragon scales (worn)
Jewellery
 e - a +4 ring of protection (left hand)
 m - a ring of protection from cold
 o - a ring of protection from fire
 u - a ring of willpower (right hand)
 C - a +6 ring of strength
 D - a ring of fire
 F - a ring of wizardry
Wands
 d - a wand of polymorph (18)
 i - a wand of roots (3)
 p - a wand of flame (36)
Scrolls
 c - 2 scrolls of teleportation
 j - a scroll of identify
 l - a scroll of amnesia
 q - 6 scrolls of noise
 r - 6 scrolls of revelation
 x - 3 scrolls of immolation
 A - 2 scrolls of fear
 B - a scroll of torment
Potions
 b - a potion of ambrosia
 g - a potion of heal wounds
 k - a potion of cancellation
 n - a potion of attraction
 s - 4 potions of haste
 t - 4 potions of mutation
 v - a potion of lignification
 w - 3 potions of curing
 z - 2 potions of resistance
 E - 3 potions of magic


   Skills:
 - Level 10.0 Fighting
 * Level 21.6 Maces & Flails
 - Level 7.0 Armour
 - Level 4.0 Dodging
 - Level 3.4 Spellcasting
 - Level 4.0 Fire Magic


You had 17 spell levels left.
You knew the following spells:

 Your Spells              Type           Power      Damage    Failure   Level
a - Scorch                Fire           34%        2d6       4%          2

Your spell library contained the following spells:

 Spells                   Type           Power      Damage    Failure   Level
 Sandblast                Erth           6%         2d5       16%         1
 Summon Small Mammal      Summ           12%        N/A       16%         1
 Cigotuvi's Dreadful Rot  Necr/Alch/Air  6%         N/A       24%         2
 Call Canine Familiar     Summ           3%         N/A       43%         3
 Stone Arrow              Conj/Erth      6%         3d7       43%         3
 Ignite Poison            Fire/Alch      10%        N/A       56%         4
 Animate Armour           Summ/Erth      6%         N/A       83%         4
 Petrify                  Alch/Erth      3%         N/A       83%         4
 Freezing Cloud           Conj/Ice/Air   1%         6-21      99%         5
 Summon Cactus Giant      Summ           1%         N/A       100%        6
 Lehudib's Crystal Spear  Conj/Erth      1%         10d2      100%        8


Dungeon Overview and Level Annotations

Branches:
Dungeon (13/15)            Temple (0/1) D:7            Lair (5/5) D:11
  Swamp (0/4) Lair:2       Spider (0/4) Lair:2        Slime (0/5) Lair:4
    Orc (0/2) D:12
 Vaults: D:13-14

Altars:
Ashenzari
Cheibriados
Dithmenos
Elyvilon
Fedhas
Hepliaklqana
Kikubaaqudgha
Makhleb
Nemelex Xobeh
Qazlal
Trog
Uskayaw
Yredelemnul
Jiyva

Shops:
D:6 (   D:7 **   D:10 [   D:12 ?([([([

Annotations:
Lair:3 2 transporters, Chic's ghost, journeyman OnGl


Innate Abilities, Weirdness & Mutations

You are too large for most types of armour.
You have a pair of small horns on your head.
You have tough skin. (AC +1)
You gain doubled healing and magic from potions.
Whenever you drink a healing potion, you attack all around you.
You are agile. (Dex +4, Str/Int -1)
You are weak. (Str -2)


Message History

The slime creature hits you!
The slime creature attacks as it pursues you!
The slime creature hits you.
Two slime creatures merge to form a large slime creature.
Two slime creatures merge to form a very large slime creature.
You hit the very large slime creature but do no damage.
Your weapon exudes an aura of protection.
You headbutt the very large slime creature.
The very large slime creature is lightly wounded.
You bludgeon the very large slime creature!!
Your headbutt misses the very large slime creature.
The very large slime creature is lightly wounded.
Two slime creatures merge to form an enormous slime creature.
Two slime creatures merge to form a titanic slime creature.
You hit the troll.
The troll is lightly wounded.
You impale the troll!!
The troll is severely wounded.
The troll closely misses you. The troll barely misses you.
The troll claws you but does no damage.
You impale the troll!!
You kill the troll!
The large slime creature hits you!!
Two slime creatures merge to form a very large slime creature.
You barely miss the very large slime creature.
The very large slime creature is lightly wounded.
You hit the very large slime creature.
The very large slime creature is lightly wounded.
Two slime creatures merge to form a titanic slime creature.
The titanic slime creature attacks as it pursues you!
The titanic slime creature hits you!!!!
Ouch! That really hurt!
Okay, then.
The titanic slime creature attacks as it pursues you!
The titanic slime creature barely misses you.
The titanic slime creature attacks as it pursues you!
The titanic slime creature barely misses you.
The titanic slime creature attacks as it pursues you!
The titanic slime creature hits you!!!
You die...

#...........
#..........
##........#
#.........+
#.........#
#.........#
#.........#
#.############
#.# #..J@.#
#.######.###.#
#........# #.#
########## #.#
#.# #.# #.#
#.# #.#


You could see a titanic slime creature.

Vanquished Creatures
  Gastronok (D:11)
  Kirke (Lair:4)
  Snorg (Lair:4)
  A hydra (Lair:5)
  A catoblepas (Lair:4)
  A two-headed ogre (D:11)
  Amaemon (Lair:2)
  2 skysharks
  Pikel (D:4)
  2 ugly things
  An oklob plant (Lair:2)
  A manticore (D:11)
  3 cyclopes (D:12)
  4 black mambas
  The ghost of jestert79 the Skirmisher, a novice KoHu (D:5)
  21 elephants
  2 torpor snails (Lair:5)
  12 cane toads
  A gargoyle (D:12)
  An orange demon (Lair:2)
  A kobold demonologist (D:10)
  7 komodo dragons
  Psyche (D:10)
  An unseen horror (D:11)
  A rime drake (Lair:1)
  3 trolls
  A tyrant leech (Lair:2)
  4 polar bears
  3 hornets (Lair:5)
  6 blink frogs
  9 dream sheep (Lair:5)
  Sigmund (D:2)
  2 culicivoras (Lair:2)
  A wraith (D:11)
  A slime creature (D:13)
  33 yaks
  13 spriggans
  2 shadows (D:11)
  8 wyverns
  2 hogs (Lair:5)
  4 basilisks
  3 vampire mosquitoes (D:11)
  A steam dragon (D:10)
  Edmund (D:4)
  3 swamp worms (Lair:2)
  An acid dragon (D:10)
  16 water moccasins
  4 orc warriors
  6 black bears
  An ice beast (D:5)
  3 ogres
  4 boggarts (Lair:5)
  4 centaurs
  42 wolves
  A lemure (D:4)
  12 bullfrogs
  2 kobold brigands (D:8)
  A gnoll sergeant (D:9)
  7 scorpions
  13 killer bees
  A vampire bat (Lair:3)
  3 howler monkeys (D:8)
  An electric eel (Lair:1)
  2 hounds
  2 jellies
  4 orc priests
  An iron imp (D:7)
  A sleepcap (D:6)
  Natasha (thrice) (D:2)
  2 iguanas (D:5)
  5 orc wizards
  8 adders
  5 gnolls
  2 bombardier beetles
  2 ufetubi (D:5)
  A worm (D:3)
  3 dart slugs
  30 orcs
  7 endoplasms
  2 giant cockroaches
  8 goblins
  8 hobgoblins
  4 jackals
  24 kobolds
  5 quokkas
  6 ball pythons
  14 bats
  3 frilled lizards
  5 rats
450 creatures vanquished.

Vanquished Creatures (others)
  4 humans
4 creatures vanquished.

Grand Total: 454 creatures vanquished

Notes
Turn   | Place    | Note
-------+----------+-------------------------------------------
     0 | D:1      | Laraso the Oni Cinder Acolyte began the quest for the Orb.
     0 | D:1      | Reached XP level 1. HP: 24/24 MP: 2/2
   148 | D:1      | Reached XP level 2. HP: 26/32 MP: 2/4
   173 | D:1      | Learned a level 2 spell: Scorch
   497 | D:1      | Reached XP level 3. HP: 36/39 MP: 0/5
   827 | D:2      | Noticed Sigmund
  1028 | D:2      | Killed Sigmund
  1029 | D:2      | Reached skill level 4 in Maces & Flails
  1029 | D:2      | Reached XP level 4. HP: 40/48 MP: 1/8
  1029 | D:2      | Reached XP level 5. HP: 45/54 MP: 1/9
  1239 | D:2      | Noticed Natasha
  1241 | D:2      | Reached skill level 5 in Maces & Flails
  1249 | D:2      | Killed Natasha
  1250 | D:2      | Reached XP level 6. HP: 17/62 MP: 0/10
  1765 | D:2      | Noticed Natasha
  1768 | D:2      | Killed Natasha
  1865 | D:2      | Noticed Natasha
  1869 | D:2      | Killed Natasha
  2263 | D:3      | Found a hazy altar of Hepliaklqana.
  2552 | D:3      | Reached skill level 6 in Maces & Flails
  2661 | D:3      | Reached XP level 7. HP: 8/70 MP: 1/11
  3044 | D:3      | Found a sparkling altar of Nemelex Xobeh.
  3187 | D:3      | Found a bloodstained altar of Trog.
  3308 | D:3      | Found a faded altar of an unknown god.
  3459 | D:3      | Found a basalt altar of Yredelemnul.
  3460 | D:3      | Found a stormy altar of Qazlal.
  3461 | D:3      | Found a white marble altar of Elyvilon.
  3545 | D:3      | Found a hide-covered altar of Uskayaw.
  3560 | D:3      | Found a shadowy altar of Dithmenos.
  3640 | D:3      | Found a blossoming altar of Fedhas.
  4032 | D:4      | Noticed Edmund
  4044 | D:4      | Gained mutation: You are weak. (Str -2) [potion of
                  | mutation]
  4044 | D:4      | Gained mutation: You are agile. (Dex +4, Str/Int -1)
                  | [potion of mutation]
  4049 | D:4      | Killed Edmund
  4050 | D:4      | Reached skill level 7 in Maces & Flails
  4440 | D:4      | Found a burning altar of Makhleb.
  4495 | D:4      | Noticed Pikel
  4514 | D:4      | Killed Pikel
  4515 | D:4      | Reached skill level 9 in Maces & Flails
  4515 | D:4      | Reached XP level 8. HP: 57/78 MP: 12/12
  4823 | D:5      | Entered Level 5 of the Dungeon
  5039 | D:5      | Found a runed translucent door.
  5043 | D:5      | Noticed jestert79's ghost (novice KoHu)
  5208 | D:5      | Killed jestert79's ghost
  5209 | D:5      | Reached skill level 10 in Maces & Flails
  5292 | D:5      | Found a runed translucent door.
  5370 | D:5      | Reached XP level 9. HP: 75/84 MP: 2/13
  5502 | D:5      | Reached skill level 11 in Maces & Flails
  6265 | D:6      | Found Keodij's Weapon Shoppe.
  6395 | D:6      | Reached skill level 12 in Maces & Flails
  6641 | D:6      | Found an ancient bone altar of Kikubaaqudgha.
  6930 | D:7      | Found a snail-covered altar of Cheibriados.
  7019 | D:7      | Found Sups's Gadget Gallery.
  7076 | D:7      | Found a broken altar of Ashenzari.
  7196 | D:7      | Reached skill level 13 in Maces & Flails
  7525 | D:7      | Found a staircase to the Ecumenical Temple.
  7549 | D:7      | Found Lodwefen's General Store.
  7729 | D:8      | Reached XP level 10. HP: 81/92 MP: 14/14
  8669 | D:8      | Reached skill level 14 in Maces & Flails
  9206 | D:9      | Reached skill level 5 in Fighting
 10019 | D:10     | Entered Level 10 of the Dungeon
 10025 | D:10     | Noticed a kobold demonologist
 10038 | D:10     | Killed a kobold demonologist
 10210 | D:10     | Reached skill level 10 in Fighting
 10365 | D:10     | Noticed Psyche
 10373 | D:10     | Killed Psyche
 10383 | D:10     | Reached XP level 11. HP: 100/117 MP: 4/16
 10714 | D:10     | Reached skill level 1 in Armour
 10831 | D:10     | Found Tahi Olu's Antique Armour Shoppe.
 11218 | D:11     | Found a staircase to the Lair.
 11438 | D:11     | Noticed a two-headed ogre
 11467 | D:11     | Killed a two-headed ogre
 11697 | D:11     | Noticed a manticore
 11705 | D:11     | Killed a manticore
 11717 | D:11     | Reached skill level 5 in Armour
 11787 | D:11     | Noticed a white ugly thing
 12059 | D:11     | Killed a white ugly thing
 12188 | D:11     | Noticed Gastronok
 12209 | D:11     | Killed Gastronok
 12693 | Lair:1   | Entered Level 1 of the Lair of Beasts
 13086 | Lair:1   | Reached XP level 12. HP: 66/126 MP: 17/17
 13246 | Lair:1   | Found a basalt altar of Yredelemnul.
 13573 | Lair:1   | Reached skill level 15 in Maces & Flails
 14421 | Lair:2   | Found a staircase to the Swamp.
 14550 | Lair:2   | Reached skill level 16 in Maces & Flails
 15095 | Lair:2   | Noticed Amaemon
 15129 | Lair:2   | Killed Amaemon
 15991 | Lair:2   | Found a hole to the Spider Nest.
 16003 | Lair:2   | HP: 2/126 [culicivora (15)]
 16640 | Lair:2   | Reached skill level 17 in Maces & Flails
 16950 | Lair:3   | Noticed a skyshark
 17271 | Lair:2   | Reached XP level 13. HP: 120/133 MP: 18/18
 17388 | D:12     | Found a flickering gateway to a bazaar.
 17397 | Bazaar   | Entered a bazaar
 17411 | Bazaar   | Found Taeser's Jewellery Shoppe.
 17411 | Bazaar   | Found Udoschik's Weapon Emporium.
 17446 | Bazaar   | Found Ruzuf's Antique Armour Shoppe.
 17446 | Bazaar   | Found Naomegok's Magic Scroll Emporium.
 17451 | Bazaar   | Bought a scroll of identify for 24 gold pieces
 17495 | Bazaar   | Bought a smoking hat for 351 gold pieces
 17495 | Bazaar   | Identified the +0 hat of Watchfulness {rC+ Str+2 Int+4
                  | Dex-4} (You bought it in a shop in a bazaar)
 17574 | D:12     | Found a staircase to the Orcish Mines.
 17995 | D:12     | Found Jonk's Armour Emporium.
 18038 | D:12     | Found Foxoc's Antique Weapon Shop.
 18039 | D:12     | Found Ruguod's Antique Weapon Shop.
 18041 | D:12     | Found Egikaf's Armour Shop.
 18042 | D:12     | Found Irisog's Armour Shop.
 18051 | D:12     | Found Woiblura's Antique Weapon Shoppe.
 18091 | D:12     | Reached skill level 18 in Maces & Flails
 18172 | D:12     | Found Kucygh's Magic Scroll Boutique.
 18205 | D:12     | Bought a scroll of enchant weapon for 97 gold pieces
 18205 | D:12     | Bought a scroll of enchant weapon for 97 gold pieces
 18404 | D:12     | Got the Incunabulum of the Comitatus
 19380 | Lair:3   | Found a transporter.
 19390 | Lair:3   | Noticed Chic's ghost (journeyman OnGl)
 19393 | Lair:3   | Found a transporter.
 19841 | Lair:4   | Noticed Snorg
 19855 | Lair:4   | Killed Snorg
 19966 | Lair:4   | Reached skill level 19 in Maces & Flails
 20331 | Lair:4   | Found a viscous altar of Jiyva.
 20332 | Lair:4   | Found a staircase to the Slime Pits.
 20332 | Lair:4   | Identified the +5 ring mail of Untruth {rF+ Will+ Int+3}
 20868 | Lair:4   | Reached skill level 20 in Maces & Flails
 21150 | Lair:4   | Reached XP level 14. HP: 24/143 MP: 19/19
 21594 | Lair:5   | Entered Level 5 of the Lair of Beasts
 21594 | Lair:5   | Noticed Kirke
 21615 | Lair:4   | Killed Kirke
 22188 | Lair:5   | Identified the +0 pair of boots "Heziym" {Dex+3}
 22510 | Lair:5   | Reached skill level 21 in Maces & Flails
 23594 | Lair:5   | Identified the +8 dagger "Luggaunk" {drain, ^Contam rPois
                  | Dex+2}
 23598 | Lair:5   | Got Sif Muna's Atlas of Amathomancy
 24317 | D:13     | Demolished by a titanic slime creature

Illustrated notes

Levels and vault maps discovered:
D:1:      co_arrival_random_square_maze, layout_basic, serial_curves,
          eino_curves_01, eino_curves_01
D:2:      layout_basic, serial_rivers, chequers_serial_rivers_small_a,
          chequers_serial_rivers_micro_c, chequers_serial_rivers_marsh,
          chequers_serial_rivers_small_3, chequers_serial_rivers_small_a,
          uniq_natasha, uniq_sigmund
D:3:      layout_loops_ring, mainiacjoe_overflow_tiny_flanked,
          mainiacjoe_overflow_paths, fedhas_altar_4,
          nemelex_diamond_rough_becter, gammafunk_temple_overflow_claw,
          nicolae_uskayaw_suspiria, trog_antimagical,
          hellmonk_ecumenical_altar_dog_temple, serial_bayou,
          serial_bayou_crossing, serial_bayou_lagoon_a, serial_bayou_pond_d,
          corexii_shack, chequers_serial_rivers_micro_d
D:4:      layout_basic, lightli_temple_of_fire, uniq_edmund, uniq_pikel
D:5:      layout_loops_ring, ebering_ghost_sewer_f, grunt_ministairs_2,
          dreamdust_princess_corridor, corexii_hall_statues_t
D:6:      layout_basic, tgw_kikubaaqudgha, serial_shops, shop
D:7:      layout_basic, slow_altar_1, ashenzari_conservatory_becter,
          minmay_temple_entry_overgrown, chequers_garden,
          nicolae_take_the_stairs, nicolae_shop_gadgets
D:8:      layout_basic, nicolae_elevator_lobby_plus
D:9:      layout_cave_pools, kennysheep_crisscross
D:10:     layout_grid_maze, serial_shops, shop, uniq_psyche
D:11:     layout_irregular_city, minmay_lair_entry_grove, uniq_gastronok
D:12:     layout_irregular_city, orc_0_dummy, serial_shops, bzr_entry_lakeside,
          nicolae_shop_behind_doors, shop, shop_scrolls, minmay_shop_grid_forest
D:13:     layout_basic, gauntlet_entry_generic
Lair:1:   layout_regular_city, basic_altar, infiniplex_staircase_pool
Lair:2:   layout_concentric_octagons, minmay_swamp_entry_worms,
          hellmonk_spider_entry_life_and_decay, uniq_amaemon
Lair:3:   layout_cave_shapes, gammafunk_ghost_arena, roderic_batcave,
          forest_entry_grove
Lair:4:   layout_concentric_octagons, slime_entry_1, serial_bayou_shore_a,
          uniq_snorg
Lair:5:   minmay_lair_end_enchanted_forest, layout_regular_city, st_stairs_11,
          grunt_megastairs_1, infiniplex_staircase_pool_2, uniq_kirke

Skill      XL: |  1  2  3  4  5  6  7  8  9 10 11 12 13 14 |
---------------+-------------------------------------------+-----
Fire Magic     | 3 4 |  4.0
Maces & Flails | 4 5 6 9 10 13 14 17 20 21 | 21.6
Spellcasting   | 3 |  3.4
Fighting       | 10 | 10.0
Dodging        | 2 4 |  4.0
Armour         | 7 |  7.0

Action                     |  1- 3 |  4- 6 |  7- 9 | 10-12 | 13-15 || total
---------------------------+-------+-------+-------+-------+-------++-------
  Melee: Mace              |    31 |    35 |    12 |       |       ||    78
         Headbutt          |     3 |     4 |    25 |   101 |   134 ||   267
         Dire flail        |       |       |   165 |   407 |       ||   572
         Giant spiked club |       |       |       |   244 |   617 ||   861
   Cast: Scorch            |    19 |    42 |    63 |    60 |     5 ||   189
 Invoke: Fiery Armour      |       |       |       |     1 |       ||     1
  Evoke: Wand              |       |       |       |     6 |       ||     6
    Use: Scroll            |     4 |       |     5 |    12 |    10 ||    31
         Potion            |     1 |       |     2 |     2 |     2 ||     7
   Stab: Invisible         |       |       |       |       |     2 ||     2
 Armour: Robe              |    34 |    38 |   107 |   133 |    22 ||   334
         Troll leather arm |       |       |       |   109 |       ||   109
         Steam dragon scal |       |       |       |   426 |   735 ||  1161
         Skin              |       |       |       |    75 |       ||    75
  Dodge: Dodged            |    17 |    23 |    63 |   359 |   436 ||   898

Table legend: (Time is in decaauts)
 A = Elapsed time spent in this place.
 B = Non-inter-level travel time spent in this place.
 C = Inter-level travel time spent in this place.
 D = Time resting spent in this place.
 E = Time spent auto-exploring this place.
 F = Levels seen in this place.
 G = Mean time per level.
                   A        B        C        D        E       F      G
               +--------+--------+--------+--------+--------+-----+--------+
         Total |  24026 |  23068 |    958 |   7899 |  11558 |  19 | 1264.5 |
       Dungeon |  13758 |  13252 |    506 |   3694 |   7693 |  13 | 1058.3 |
          Lair |  10102 |   9651 |    451 |   4205 |   3787 |   5 | 2020.4 |
        Bazaar |    164 |    164 |      0 |      0 |     78 |   1 |  164.0 |
               +--------+--------+--------+--------+--------+-----+--------+

Top non-repeatable levels by time:
  Lair:2: 3278 daAuts
  Lair:4: 2330 daAuts
  Lair:5: 2028 daAuts
     D:2: 1638 daAuts
  Lair:1: 1567 daAuts
     D:8: 1458 daAuts
    D:11: 1414 daAuts
     D:3: 1383 daAuts
     D:5: 1317 daAuts
    D:10: 1276 daAuts
    D:12: 1056 daAuts
     D:7: 923 daAuts
     D:1: 909 daAuts
     D:4: 904 daAuts
  Lair:3: 897 daAuts
